[Event "*** Titled Tuesday Blitz"]
[Site "Chess.com"]
[Date "2020.05.12"]
[Round "5"]
[White "AttilaTurzo"]
[Black "Saloni1299"]
[Result "1-0"]
[WhiteElo "2477"]
[BlackElo "2304"]
[TimeControl "180+1"]
[EndTime "10:55:42 PDT"]
[Termination "AttilaTurzo won by resignation"]

1. e4 e6 2. d4 d5 3. Nc3 Bb4 4. e5 c5 5. Bd2 Nc6 6. Nb5 Bxd2+ 7. Qxd2 Nge7 8. Nd6+ Kf8 9. c3 Nf5 10. dxc5 Nxe5 11. Nxf5 exf5 12. O-O-O Be6 13. Kb1 Nc6 14. Nf3 g6 15. h4 h5 16. Bb5 f6 17. Rhe1 Bf7 18.
Nd4 Qd7 19. Qf4 Kg7 20. Re3 Rae8 21. Rde1 Re4 22. Rxe4 fxe4 23. f3 exf3 24. gxf3 Re8 25. Rg1 Re5 26. Bd3 Ne7 27. b4 a5 28. Kb2 axb4 29. cxb4 Qc7 30. Qd2 b6 31. Rc1 Nf5 32.
Bxf5 gxf5 33. cxb6 Qxb6 34. Rc6 Qa7 35. a3 f4 36. b5 Bg6 37. a4 Re2 38. Nxe2 Qd4+ 39. Nxd4 Bb1 40. Kxb1 1-0

[Event "*** Titled Tuesday Blitz"]
[Site "Chess.com"]
[Date "2020.05.12"]
[Round "5"]
[White "chessdjw"]
[Black "LawrenceTrent"]
[Result "1-0"]
[WhiteElo "2704"]
[BlackElo "2532"]
[TimeControl "180+1"]
[EndTime "10:55:43 PDT"]
[Termination "chessdjw won by resignation"]

1. e4 c5 2. Nf3 d6 3. Bb5+ Nc6 4. O-O Bd7 5. c3 a6 6. Bc4 b5 7. Bb3 Nf6 8. Re1 g5 9. Nxg5 c4 10. Bc2 Rg8 11. d4 cxd3 12. Qxd3 Ne5 13. Qe3 h6 14.
Nf3 Nfg4 15. Qe2 Bg7 16. Nd4 e6 17. h3 Nf6 18. Bf4 Ng6 19. Bg3 Qb6 20. Nd2 Nh7 21.
N2f3 Ng5 22. Nxg5 hxg5 23. Rad1 Nf4 24. Qg4 Be5 25. Nf3 O-O-O 26. Nxe5 dxe5 27. Kh2 f5 28. exf5 Rdf8 29. Rxe5 Bc6 30. fxe6 Re8 31. e7+ Kb7 32. Rd6 Qc7 33. Qd1 Rxe7 34. Be4 Bxe4 35. Rxe7 Qxe7 36. Rd7+ Qxd7 37. Qxd7+ Kb6 38. Bxf4 1-0

[Event "*** Titled Tuesday Blitz"]
[Site "Chess.com"]
[Date "2020.05.12"]
[Round "5"]
[White "rpragchess"]
[Black "realmadridtv"]
[Result "0-1"]
[WhiteElo "2868"]
[BlackElo "2462"]
[TimeControl "180+1"]
[EndTime "10:55:43 PDT"]
[Termination "realmadridtv won on time"]

1. Nf3 Nf6 2. g3 g6 3. Bg2 Bg7 4. O-O O-O 5. d4 b6 6. c4 Bb7 7. d5 b5 8. Nfd2 a6 9. e4 d6 10. a4 c6 11. dxc6 Nxc6 12. axb5 axb5 13. Rxa8 Qxa8 14.
cxb5 Nb4 15. Qb3 Na2 16. Qd3 Nd7 17. Nc3 Nc5 18. Qe3 Nb4 19. Nc4 Nc2 20. Qd2 Nd4 21. Nd5 Bxd5 22. exd5 Qa4 23. Na3 Ncb3 24. Qd3 Nc5 25.
Qe3 e5 26. dxe6 fxe6 27. b6 Qb4 28. b7 Nxb7 29. Bd2 Qb6 30. Nc4 Qc7 31. Rc1 Nc5 32. b4 Ncb3 33. Rc3 Nxd2 34. Qxd2 Rc8 0-1

[Event "*** Titled Tuesday Blitz"]
[Site "Chess.com"]
[Date "2020.05.12"]
[Round "5"]
[White "WastefulJustice"]
[Black "blitzking1729"]
[Result "1-0"]
[WhiteElo "2393"]
[BlackElo "2505"]
[TimeControl "180+1"]
[EndTime "10:55:43 PDT"]
[Termination "WastefulJustice won by resignation"]

1. e4 c6 2. d4 d5 3. e5 Bf5 4.
Nc3 e6 5. g4 Bg6 6. Nge2 f6 7.
h4 fxe5 8. h5 Bf7 9. dxe5 Nd7 10. f4 Bc5 11. Nd4 Ne7 12. Be3 Bb6 13. f5 Bxd4 14.
Qxd4 exf5 15. e6 Bxe6 16. Qxg7 Rg8 17. Qxh7 Nf8 18. Qh6 d4 19. O-O-O Rxg4 20. Be2 Qa5 21. Bxd4 Rg8 22. Bg7 Bd5 23. Rhe1 O-O-O 24. Bf6 Rd7 25. Bxe7 Rxe7 26. Nxd5 cxd5 27. Qf6 Qc7 28. Qxf5+ Kb8 29. Qxd5 Ne6 30. Bc4 Rge8 31. h6 Qf4+ 32. Kb1 Qxh6 33.
Qd6+ Ka8 34. Rxe6 Rxe6 35. Qd8+ 1-0

[Event "*** Titled Tuesday Blitz"]
[Site "Chess.com"]
[Date "2020.05.12"]
[Round "5"]
[White "fish7728"]
[Black "dopolian"]
[Result "0-1"]
[WhiteElo "2048"]
[BlackElo "2309"]
[TimeControl "180+1"]
[EndTime "10:55:43 PDT"]
[Termination "dopolian won on time"]

1. d4 Nf6 2. c4 e6 3. Nc3 d5 4. Bg5 Be7 5. e3 O-O 6. Nf3 h6 7. h4 hxg5 8. hxg5 Ne4 9. Nxe4 dxe4 10. Nd2 g6 11. Nxe4 Kg7 12. Bd3 Bxg5 13. f4 Bf6 14.
Qf3 Be7 15. O-O-O Nd7 16. g4 c5 17. f5 cxd4 18. exd4 Nb6 19. Qe3 Rh8 20. Rxh8 Qxh8 21. f6+ Bxf6 22. Nxf6 Qh2 23. g5 Nd7 24. Qf3 Qh4 25.
Ne4 Qh5 26. Qg2 Qh4 27. Rh1 Qf4+ 28. Kb1 e5 29. d5 Nb6 30. Rf1 Qe3 31. Rf3 Qd4 32.
Nf6 Bd7 33. Qh2 Rh8 0-1

[Event "*** Titled Tuesday Blitz"]
[Site "Chess.com"]
[Date "2020.05.12"]
[Round "5"]
[White "Hippotaner"]
[Black "maciek_92"]
[Result "0-1"]
[WhiteElo "2358"]
[BlackElo "2647"]
[TimeControl "180+1"]
[EndTime "10:55:44 PDT"]
[Termination "maciek_92 won by checkmate"]

1. e4 c5 2. Nf3 e6 3. d3 Nc6 4. g3 d5 5. Nbd2 Bd6 6. Bg2 Nge7 7. O-O O-O 8. Nh4 f6 9. f4 Qc7 10. c3 b5 11. Nhf3 c4 12. d4 dxe4 13. Nxe4 Bb7 14.
Bh3 Nd8 15. Qe2 Bd5 16. Bd2 f5 17. Nxd6 Qxd6 18. Rae1 Nf7 19. Bg2 Rfe8 20. Ne5 Nxe5 21. fxe5 Qc6 22. Bxd5 Nxd5 23. g4 f4 24. Bxf4 Rf8 25.
Bd2 Qd7 26. Rxf8+ Rxf8 27. Rf1 Rf7 28. Rxf7 Qxf7 29. Qe4 a5 30. a3 Qb7 31. h4 Qe7 32.
Bg5 Qf7 33. Kg2 Qb7 34. Kg1 b4 35. axb4 axb4 36. cxb4 Qxb4 37. Qe2 Qb3 38. Kg2 h6 39. Bc1 Qb7 40. Qf3 Qb4 41. g5 hxg5 42. hxg5 g6 43.
Qe4 Kg7 44. Qg4 Qe7 45. Qe2 Qb7 46. Qf3 Qb6 47. Qe4 Qb3 48. Qg4 Qc2+ 49. Kh3 Qxc1 50. Qxe6 Nf4+ 51. Kh4 Nxe6 52. d5 Nd4 53. d6 Nf5+ 54.
Kg4 Qe3 55. d7 Qg3# 0-1

[Event "*** Titled Tuesday Blitz"]
[Site "Chess.com"]
[Date "2020.05.12"]
[Round "5"]
[White "FelixBlohberger"]
[Black "Rodchenkov_Vitalij"]
[Result "1-0"]
[WhiteElo "2628"]
[BlackElo "2436"]
[TimeControl "180+1"]
[EndTime "10:55:44 PDT"]
[Termination "FelixBlohberger won on time"]

1. Nf3 Nf6 2. c4 c6 3. g3 d5 4. Bg2 Bg4 5. O-O e6 6. d3 Nbd7 7. Be3 Be7 8. Qb3 Qc7 9. cxd5 Nxd5 10.
Bd2 O-O 11. Nc3 N7f6 12. e4 Nxc3 13. bxc3 e5 14. Be3 Rfd8 15. Rfd1 c5 16. Rab1 Rab8 17. Qc2 b5 18. h3 Be6 19. a4 a6 20. axb5 axb5 21. Ng5 Bc8 22. f4 h6 23. Nf3 Nh5 24. Nxe5 Nxg3 25. Qf2 Nh5 26. d4 c4 27. d5 Bd7 28. Kh1 Be8 29. Rg1 Kh8 30. Bf3 Nf6 31. Qg3 g6 32. f5 g5 33. Bxg5 hxg5 34. Qxg5 1-0

[Event "*** Titled Tuesday Blitz"]
[Site "Chess.com"]
[Date "2020.05.12"]
[Round "5"]
[White "NikolaGry"]
[Black "MaxLeto"]
[Result "1-0"]
[WhiteElo "2626"]
[BlackElo "2333"]
[TimeControl "180+1"]
[EndTime "10:55:44 PDT"]
[Termination "NikolaGry won by checkmate"]

1. e4 c5 2. Nf3 d6 3. Bb5+ Bd7 4. c4 Nc6 5. O-O e5 6. Nc3 g6 7. d3 Bg7 8. Bxc6 bxc6 9. a3 Rb8 10. b4 cxb4 11.
axb4 Rxb4 12. Rxa7 Qb8 13. Ra2 Nf6 14. Ba3 Rb7 15.
c5 Be6 16. Ra1 dxc5 17. Bxc5 Nd7 18. Ba3 Bf8 19. Qc1 Bc5 20. Bxc5 Nxc5 21. Qe3 Nb3 22. Rad1 O-O 23. h3 Rd8 24. Qg5 Qc7 25. Nxe5 Nd4 26. Ng4 Rb3 27. Nb1 Ne2+ 28. Kh1 Rbxd3 29. Rxd3 Rxd3 30.
Nf6+ Kg7 31. Nh5+ Kf8 32. Qh6+ Ke7 33. Qg5+ Kf8 34. Nf6 h5 35. Qh6+ Ke7 36. Nh7 Nf4 37. Qf8+ Kd7 38. Nf6# 1-0

[Event "*** Titled Tuesday Blitz"]
[Site "Chess.com"]
[Date "2020.05.12"]
[Round "5"]
[White "Snegokhod"]
[Black "L_lorenzo"]
[Result "1-0"]
[WhiteElo "2543"]
[BlackElo "2233"]
[TimeControl "180+1"]
[EndTime "10:55:45 PDT"]
[Termination "Snegokhod won on time"]

1. e4 c5 2. Nf3 e6 3. d3 Nc6 4. Nbd2 Nf6 5. g3 d5 6. Bg2 dxe4 7. dxe4 Qc7 8. O-O Be7 9. Re1 O-O 10. e5 Nd7 11. Qe2 b6 12. h4 h6 13. c3 Bb7 14.
Nc4 Rfd8 15. Bf4 Nf8 16. h5 Ba6 17. Qe4 Bxc4 18. Qxc4 Rac8 19. Qe4 b5 20. a4 b4 21. Bf1 a5 22. Bb5 Na7 23. Bc4 bxc3 24. bxc3 Rb8 25. Reb1 Rxb1+ 26. Rxb1 Rb8 27. Kg2 Rxb1 28. Qxb1 Nd7 29. Qe4 Qc6 30. Qxc6 Nxc6 31. Bb5 Ncb8 32. Kf1 Nb6 33. Nd2 Nd5 34. c4 Nxf4 35. gxf4 Kf8 36.
Nb3 f6 37. Nxa5 fxe5 38. fxe5 Bg5 39. Nb7 Bf4 40. Nxc5 Bxe5 41. a5 Ke7 42. a6 Nxa6 43.
Bxa6 Bd4 44. Nd3 Kf6 45. Bb7 Kg5 46. Bf3 e5 47. c5 Kf5 48. c6 Bb6 49. Nc5 1-0

[Event "*** Titled Tuesday Blitz"]
[Site "Chess.com"]
[Date "2020.05.12"]
[Round "5"]
[White "mbojan"]
[Black "TudorAnton"]
[Result "1-0"]
[WhiteElo "2679"]
[BlackElo "2483"]
[TimeControl "180+1"]
[EndTime "10:55:46 PDT"]
[Termination "mbojan won by resignation"]

1. e4 e5 2. Nf3 Nc6 3. Bb5 a6 4. Bxc6 dxc6 5. d4 exd4 6. Qxd4 Qxd4 7. Nxd4 c5 8. Ne2 f6 9. Nbc3 Be6 10. f3 O-O-O 11.
Be3 b6 12. Kf2 Ne7 13. Nf4 Bf7 14. Rad1 Ng6 15. Rxd8+ Kxd8 16. Rd1+ Kc8 17. Nfd5 Bd6 18. Nxb6+ cxb6 19. Rxd6 Kc7 20. Rd1 Re8 21. g3 Kc6 22.
a3 Ne5 23. Ne2 Bh5 24. g4 Bf7 25. Bf4 Nc4 26. b3 Ne5 27. Bxe5 fxe5 28. Ke3 Be6 29. Ng3 g6 30. h4 Rf8 31. h5 a5 32.
hxg6 hxg6 33. Rh1 a4 34. bxa4 Ra8 35. Rh6 Bf7 36. Rh7 Be8 37. Ne2 Rxa4 38. Nc3 Rxa3 39. Kd2 b5 40. Re7 b4 41. Nd5 Bd7 42. Ne3 Kd6 43.
Rg7 Be6 44. Rxg6 Ke7 45. Rg7+ Kf6 46. Rc7 c4 47. Nxc4 Rxf3 48. Ne3 Rf4 49. Kd3 Bxg4 50. Nxg4+ Rxg4 51. Rb7 Rg3+ 52. Kd2 Rg2+ 53. Kc1 Kg5 54. Rg7+ 1-0

[Event "*** Titled Tuesday Blitz"]
[Site "Chess.com"]
[Date "2020.05.12"]
[Round "5"]
[White "doons21"]
[Black "MFBerna"]
[Result "1-0"]
[WhiteElo "2523"]
[BlackElo "2380"]
[TimeControl "180+1"]
[EndTime "10:55:46 PDT"]
[Termination "doons21 won on time"]

1. e4 e5 2. Nf3 Nc6 3. Bb5 Nf6 4. Qe2 d6 5. c3 Be7 6. O-O O-O 7. h3 Bd7 8. Rd1 Re8 9. d3 Bf8 10. Ba4 g6 11. Bb3 Bg7 12. Ng5 Rf8 13. Nd2 Nh5 14. Nf1 h6 15. Nf3 Kh7 16. Ng3 Nf4 17. Bxf4 exf4 18.
Nf1 f5 19. N1h2 Qf6 20. Bc2 Rae8 21. Qd2 fxe4 22. dxe4 h5 23. h4 Bh6 24. Re1 Bg4 25. Qd5 Be6 26. Qb5 Bc8 27. Rad1 Kh8 28. Qd3 Ne5 29.
Nxe5 Rxe5 30. Nf3 Bg4 31. Nxe5 dxe5 32. f3 Bc8 33. Qe2 Qxh4 34. Qf2 Qg5 35. Rd5 h4 36.
Red1 h3 37. Kh2 Qh5 38. gxh3 Qxh3+ 39. Kg1 Bg5 40. Qg2 Qh5 41. Rxe5 1-0

[Event "*** Titled Tuesday Blitz"]
[Site "Chess.com"]
[Date "2020.05.12"]
[Round "5"]
[White "Anna_ChessMate"]
[Black "Kopytkin"]
[Result "1-0"]
[WhiteElo "2499"]
[BlackElo "2342"]
[TimeControl "180+1"]
[EndTime "10:55:46 PDT"]
[Termination "Anna_ChessMate won on time"]

1. d4 d5 2. c4 c6 3. Nf3 Nf6 4. e3 a6 5. c5 g6 6. Nc3 Bg7 7. Ne5 Nfd7 8. f4 O-O 9. Bd3 f6 10. Nxg6 e5 11. Nxf8 Qxf8 12. fxe5 fxe5 13. Rf1 Qe7 14.
Qh5 Nf6 15. Qxe5 Qxe5 16. dxe5 Ng4 17. Bf5 Bxf5 18. Rxf5 Nxe5 19. e4 d4 20. Na4 Nbd7 21. Bg5 Re8 22. O-O-O Nc4 23. b3 Na3 24. e5 Rxe5 25.
Rxe5 Bxe5 26. g3 Nb5 27. Bf4 Bxf4+ 28. gxf4 Nf6 29. Kd2 Ne4+ 30. Kc2 Kf7 31. Rg1 Nf2 32. Nb2 Ne4 33. Nd3 Nbc3 34. a4 Kf6 35. Rg8 Nd5 36.
Rf8+ Kg6 37. f5+ Kg5 38. Rf7 Ne3+ 39. Kc1 Nxf5 40. Rxb7 Nc3 41. Rb6 Ne3 42. Rxc6 Kf5 43. Rd6 Ke4 44. Nf2+ Ke5 45. Rxa6 Kd5 46. b4 Kc4 47. c6 Na2+ 48. Kd2 Nxb4 49. c7 Nxa6 50. c8=Q+ Nc5 51. Nd3 1-0

[Event "*** Titled Tuesday Blitz"]
[Site "Chess.com"]
[Date "2020.05.12"]
[Round "5"]
[White "today_good_day"]
[Black "CalinGheorghiu"]
[Result "0-1"]
[WhiteElo "2091"]
[BlackElo "2315"]
[TimeControl "180+1"]
[EndTime "10:55:46 PDT"]
[Termination "CalinGheorghiu won on time"]

1. e4 c5 2. Nf3 d6 3. d4 cxd4 4.
Nxd4 Nf6 5. Nc3 a6 6. h3 e5 7. Nde2 h5 8. Bg5 Be7 9. Ng3 g6 10. Bxf6 Bxf6 11. Nd5 Bg7 12. Bc4 Nc6 13. Qd3 O-O 14.
O-O-O Be6 15. Ne2 b5 16. Bb3 Rc8 17. Kb1 Na5 18. Nec3 Nc4 19. Bxc4 bxc4 20. Qe2 f5 21. exf5 Bxf5 22. g4 hxg4 23. hxg4 Be6 24. Qe4 Qg5 25. Rh2 Rf7 26. Rdh1 Qxg4 27. Qe1 e4 28. Rg1 Qf5 29. Ne3 Qf6 30. Qc1 Rb8 31. Rhg2 Qxc3 32. Nd1 Qd4 33. Rxg6 Rfb7 34. c3 Qd3+ 35. Ka1 Bf5 36.
R6g5 Bh7 0-1

[Event "*** Titled Tuesday Blitz"]
[Site "Chess.com"]
[Date "2020.05.12"]
[Round "5"]
[White "Shankovskyi"]
[Black "AGW2016"]
[Result "0-1"]
[WhiteElo "2523"]
[BlackElo "2130"]
[TimeControl "180+1"]
[EndTime "10:55:46 PDT"]
[Termination "AGW2016 won by resignation"]

1. e4 c5 2. Nf3 d6 3. d4 cxd4 4. Nxd4 Nf6 5. f3 Nc6 6. c4 e6 7.
Nc3 Be7 8. Be3 O-O 9. Nc2 a6 10. Be2 Qc7 11. O-O Ne5 12. Na3 Bd7 13. Rc1 Rfd8 14. Qe1 Qa5 15. Nd5 Qxe1 16. Nxe7+ Kf8 17. Rfxe1 Kxe7 18. Red1 Rac8 19. Kf2 Bc6 20. h3 d5 21.
Bb6 Rd7 22. cxd5 exd5 23. exd5 Rxd5 24. Rxd5 Nxd5 25. Bd4 f6 26. Bxe5 fxe5 27. Bd3 h6 28. Be4 Nb4 29. Bb1 Rd8 30. Re1 Kf6 31. Nc4 Nd3+ 32.
Bxd3 Rxd3 33. Rxe5 Bb5 34. Re4 Bxc4 35. Rxc4 Rd2+ 36.
Kg3 Rxb2 37. a4 b5 38. Rc6+ Kg5 39. Rxa6 b4 40. Rb6 b3 41. a5 Ra2 42. h4+ Kf5 43.
Rb5+ Kf6 44. Rxb3 Rxa5 45. Rb6+ Kf5 46. Rb7 Kf6 47. Kh3 Ra3 48. Rb6+ Kf5 49. Rb5+ Kf6 50. Rc5 Rb3 51. Rc4 Rb2 52. Rf4+ Kg6 53. Re4 Kf6 54.
Rc4 Ra2 55. Rc6+ Kf7 56. Rc5 Rb2 57. h5 Kf6 58. g3 Rb3 59. Kg4 Rb4+ 60. f4 Rb6 61.
Rf5+ Ke7 62. Re5+ Kf7 63. Kf5 Rf6+ 64. Kg4 Ra6 65. Ra5 Rxa5 0-1

[Event "*** Titled Tuesday Blitz"]
[Site "Chess.com"]
[Date "2020.05.12"]
[Round "5"]
[White "Euwe1234"]
[Black "AthanasiusLefebvre"]
[Result "1-0"]
[WhiteElo "2206"]
[BlackElo "2040"]
[TimeControl "180+1"]
[EndTime "10:55:46 PDT"]
[Termination "Euwe1234 won on time"]

1. e4 c5 2. Nf3 e6 3. d4 cxd4 4.
Nxd4 a6 5. Bd3 Qc7 6. O-O b5 7. a4 b4 8. Be3 Bb7 9. Nd2 Nf6 10. Qe2 d5 11. Bg5 Bd6 12. f4 Bc5 13. c3 h6 14.
Bxf6 gxf6 15. exd5 Bxd5 16. Be4 bxc3 17. bxc3 Bxe4 18. Qxe4 Nc6 19. Kh1 Rc8 20. f5 e5 21.
Nxc6 Qxc6 22. Qxc6+ Rxc6 23. Ne4 Ke7 24. Rab1 Rd8 25.
h3 Be3 26. Rb7+ Rd7 27. Rxd7+ Kxd7 28. Rd1+ Ke7 29. Rd3 Bf4 30. g3 Bg5 31. h4 Bc1 32. Kg2 Ba3 33. Kf3 Bb2 34. Rd2 Ba3 35. Rd5 Bb2 36.
Rd2 Ba3 37. Ke3 Bc5+ 38. Kd3 Rc7 39. Rb2 Rd7+ 40. Kc4 Be3 41. Rb8 Rc7+ 42. Kd5 Ba7 43. Rh8 Rd7+ 44. Kc6 Be3 45. Ra8 1-0

[Event "*** Titled Tuesday Blitz"]
[Site "Chess.com"]
[Date "2020.05.12"]
[Round "5"]
[White "ENEASZ"]
[Black "Blitzstream"]
[Result "1-0"]
[WhiteElo "2498"]
[BlackElo "2659"]
[TimeControl "180+1"]
[EndTime "10:55:47 PDT"]
[Termination "ENEASZ won by checkmate"]

1. e4 d5 2. exd5 Qxd5 3. Nc3 Qa5 4. d4 Nf6 5. Nf3 c6 6. Bc4 Bf5 7. Ne5 e6 8. g4 Bg6 9. h4 Nbd7 10. Nxd7 Nxd7 11.
h5 Be4 12. O-O Bd5 13. Nxd5 cxd5 14. Bd3 Bd6 15. c3 Qd8 16. Kg2 Qe7 17. f4 O-O-O 18.
Qf3 Kb8 19. a4 Ka8 20. a5 f5 21. g5 h6 22. a6 hxg5 23. axb7+ Kb8 24. fxg5 e5 25.
Bxf5 Rdf8 26. Qg4 Nb6 27. dxe5 Qxe5 28. Bf4 Qe7 29. Rae1 Qc7 30. Bxd6 Qxd6 31. Bg6 Nc4 32. Qg3 Kxb7 33. Qxd6 Nxd6 34. Re7+ Kb6 35. Rxg7 Rd8 36.
h6 Nc4 37. Rf6+ Kb5 38. Rb7+ Nb6 39. Rxa7 Nc4 40. Rb7+ Kc5 41. b4# 1-0

[Event "*** Titled Tuesday Blitz"]
[Site "Chess.com"]
[Date "2020.05.12"]
[Round "5"]
[White "uchenic"]
[Black "Enriquack"]
[Result "0-1"]
[WhiteElo "2461"]
[BlackElo "2284"]
[TimeControl "180+1"]
[EndTime "10:55:47 PDT"]
[Termination "Enriquack won on time"]

1. d4 Nf6 2. c4 g6 3. Nc3 d5 4.
Bf4 Bg7 5. e3 O-O 6. cxd5 Nxd5 7. Nxd5 Qxd5 8. Bxc7 Na6 9. Bxa6 bxa6 10. Qf3 Bb7 11. Qxd5 Bxd5 12. Nf3 Rfc8 13. Ba5 Rc2 14. Bc3 a5 15. Nd2 Bxg2 16. Rg1 Bh3 17. Kd1 Bf5 18. e4 Rxd2+ 19. Kxd2 Bxe4 20. Ke3 Bd5 21. Bxa5 Rb8 22. Bc3 Rb6 23. a4 Bh6+ 24. Kd3 Rf6 25. Rae1 Rf3+ 26. Kc2 Rxf2+ 27. Kb1 e6 28. h4 Bf8 29. h5 Rh2 30. hxg6 hxg6 31. a5 a6 32. Rg3 Bd6 33. Rge3 g5 34. Rg1 Bf4 35. Ree1 Kg7 36. b4 Kg6 37. b5 axb5 38. Bb4 Kf5 39. a6 g4 40. a7 g3 41. Bc5 Rd2 42. Ref1 Kg4 43.
Re1 g2 44. Be7 Kf3 45. Bf6 b4 46. Be5 Be3 47. Rxe3+ Kxe3 48. Bg7 Rf2 49. Bh6+ Kd3 50. Bg7 Rf1+ 0-1

[Event "*** Titled Tuesday Blitz"]
[Site "Chess.com"]
[Date "2020.05.12"]
[Round "5"]
[White "joppie2"]
[Black "Firehand33"]
[Result "1-0"]
[WhiteElo "2882"]
[BlackElo "2726"]
[TimeControl "180+1"]
[EndTime "10:55:48 PDT"]
[Termination "joppie2 won by resignation"]

1. e4 d5 2. exd5 Qxd5 3. Nc3 Qd8 4. d4 Nf6 5. Nf3 g6 6. Bf4 Bg7 7. Qd2 O-O 8. O-O-O Nc6 9. d5 Nb4 10. a3 Na6 11.
Bh6 Bg4 12. Be2 Nc5 13. Bxg7 Kxg7 14. h3 Bxf3 15. Bxf3 Qd6 16. Rhe1 Rfe8 17. g4 Rad8 18. g5 Nfd7 19. h4 Ne5 20. Bg2 Ned3+ 21. Kb1 Nxe1 22. Rxe1 c6 23. b4 Nd7 24. Qd4+ e5 25. Qe3 cxd5 26. Nxd5 Nb6 27. Nf6 Re6 28. h5 Nc4 29. h6+ Kh8 30. Qc3 Qd2 31. Qxd2 Nxd2+ 32. Kc1 b5 33. Bh3 Red6 34. Rxe5 Nc4 35. Re1 Nxa3 36. Bd7 a6 37. Re7 Nc4 38. Rxf7 Rxf6 39. gxf6 Ne5 40. Re7 Nxd7 41. f7 Nf6 42. Re6 Nd7 43. Re8+ 1-0

[Event "*** Titled Tuesday Blitz"]
[Site "Chess.com"]
[Date "2020.05.12"]
[Round "5"]
[White "Dixit_Nikhil"]
[Black "SGchess01"]
[Result "0-1"]
[WhiteElo "2498"]
[BlackElo "2765"]
[TimeControl "180+1"]
[EndTime "10:55:49 PDT"]
[Termination "SGchess01 won on time"]

1. e4 Nf6 2. e5 Nd5 3. d4 d6 4. Nf3 Nb6 5. Be2 g6 6. O-O Bg7 7. Bf4 O-O 8. c3 Nc6 9. Nbd2 Bf5 10. Nc4 Nxc4 11. Bxc4 Bg4 12. Be2 Bxf3 13. Bxf3 dxe5 14. Bxc6 exf4 15. Bxb7 Rb8 16. Bf3 Rxb2 17. Qc1 Rb5 18. Qxf4 e5 19. dxe5 Rxe5 20. Rad1 Qe7 21. Qa4 Qc5 22.
g3 Qxc3 23. Kg2 Ra5 24. Qb3 Qxb3 25. axb3 Rb8 26. Rd7 Be5 27. Bd5 Rf8 28. Bc4 Bd6 29.
h4 h5 30. Re1 Kg7 31. Re3 Rf5 32. Rf3 Rxf3 33. Kxf3 Kf6 34. Ke4 a5 35. Kd3 Bc5 36. Ke2 Re8+ 37. Kd3 Re7 38. Rxe7 Kxe7 39. Ke2 f5 40.
Kf3 Kf6 41. Bd5 g5 42. Be6 g4+ 0-1

[Event "*** Titled Tuesday Blitz"]
[Site "Chess.com"]
[Date "2020.05.12"]
[Round "5"]
[White "snowlord"]
[Black "DanielRensch"]
[Result "0-1"]
[WhiteElo "2739"]
[BlackElo "2511"]
[TimeControl "180+1"]
[EndTime "10:55:49 PDT"]
[Termination "DanielRensch won by resignation"]

1. e4 c5 2. Nf3 d6 3. d4 cxd4 4.
Nxd4 Nf6 5. Nc3 a6 6. Be3 e6 7.
Be2 Be7 8. f4 O-O 9. g4 Nc6 10.
g5 Nd7 11. h4 Nxd4 12. Qxd4 e5 13. Qd2 exf4 14. Bxf4 Ne5 15. O-O-O Be6 16. Kb1 Re8 17. h5 Bf8 18. g6 hxg6 19. hxg6 Nxg6 20. Bg5 Qa5 21. Bd3 f6 22. e5 Nxe5 23. Bxf6 gxf6 24. Rdg1+ Ng4 25. Qh2 Bg7 26. Qh7+ Kf8 27. Bc4 Qf5 28.
Qh4 Bxc4 29. Rxg4 Bg8 30. Rhg1 Re7 31. a3 Rae8 32. Qg3 Qe5 33. Rxg7 Qxg3 34. R7xg3 Re1+ 35. Rxe1 0-1

[Event "*** Titled Tuesday Blitz"]
[Site "Chess.com"]
[Date "2020.05.12"]
[Round "5"]
[White "ALeks_Ivlev"]
[Black "Opening_Prep"]
[Result "1-0"]
[WhiteElo "2598"]
[BlackElo "2356"]
[TimeControl "180+1"]
[EndTime "10:55:49 PDT"]
[Termination "ALeks_Ivlev won by checkmate"]

1. d4 Nf6 2. c4 e6 3. Nf3 a6 4. Nc3 d5 5. cxd5 exd5 6. Bg5 c6 7. e3 Bf5 8. Bd3 Bxd3 9. Qxd3 Nbd7 10. O-O Be7 11.
Rab1 a5 12. a3 O-O 13. b4 b5 14. Rfc1 Ne4 15. Bxe7 Qxe7 16. Ne2 Rfc8 17. bxa5 Rxa5 18. Rb3 Nb6 19. Ne5 Nc4 20. f3 Ned6 21. Kf2 Nxe5 22. dxe5 Qxe5 23. Nd4 Nc4 24. g3 h6 25. Qf1 Nd2 26. Qh3 Qe8 27. Rd3 Nc4 28. Nf5 Kh7 29. Rcc3 Rca8 30. Rd4 Rxa3 31. Rxa3 Rxa3 32. Rg4 Ra2+ 33.
Ke1 Ra1+ 34. Ke2 Qe6 35. Rxg7+ Kh8 36. Qg4 Ra2+ 37. Kf1 Ra1+ 38. Kg2 Ra2+ 39. Kh3 Qf6 40.
Rg8+ Kh7 41. Rg7+ Kh8 42. Qh5 Ne5 43. f4 Ng6 44. Qxh6# 1-0

[Event "*** Titled Tuesday Blitz"]
[Site "Chess.com"]
[Date "2020.05.12"]
[Round "5"]
[White "Gurvich_Vitaly"]
[Black "Djager97"]
[Result "0-1"]
[WhiteElo "2554"]
[BlackElo "2422"]
[TimeControl "180+1"]
[EndTime "10:55:49 PDT"]
[Termination "Djager97 won by checkmate"]

1. e4 e6 2. d4 d5 3. Nd2 c5 4.
Ngf3 cxd4 5. exd5 Qxd5 6. Bc4 Qd6 7. O-O Nf6 8. Nb3 Nc6 9. Nbxd4 Nxd4 10. Nxd4 a6 11. c3 Bd7 12. Re1 Qc7 13. Bf1 Bd6 14. g3 O-O-O 15. Qf3 Kb8 16. Bg2 e5 17. Nb3 Bc6 18. Qf5 Bxg2 19. Kxg2 e4 20. Bg5 Rhe8 21. Bxf6 gxf6 22. Rxe4 Qc6 23. Re1 Re5 24. Qf3 Qc7 25.
Nd4 Rde8 26. Rxe5 fxe5 27. Nf5 Bc5 28. Qe4 f6 29. Rd1 Rd8 30. Rxd8+ Qxd8 31. Qc4 Bb6 32.
Qb4 Qd5+ 33. f3 Ka7 34. c4 Qd3 35. c5 Qc2+ 36. Kf1 Bxc5 37. Qe1 Qxf5 38. Kg2 Qc2+ 39.
Kh3 Qxb2 40. a4 Qd4 41. a5 f5 42. Qb1 e4 43. fxe4 fxe4 44. Qb3 e3 45. Qe6 h5 46. Qe8 Qg4+ 47. Kg2 Qe2+ 48. Kh3 Qf1+ 49. Kh4 e2 50. Qe5 Qf2 51. Kxh5 e1=Q 52. Qc7 Qf3+ 53.
Kg5 Qee3+ 54. Kg6 Qee4+ 55. Kg7 Bd4+ 56. Kg8 Qfg4+ 57. Kf8 Qgf5+ 58. Kg8 Qg6+ 59. Kf8 Qee8# 0-1

[Event "*** Titled Tuesday Blitz"]
[Site "Chess.com"]
[Date "2020.05.12"]
[Round "5"]
[White "fridaywins"]
[Black "heartofatiger"]
[Result "1-0"]
[WhiteElo "2250"]
[BlackElo "2441"]
[TimeControl "180+1"]
[EndTime "10:55:49 PDT"]
[Termination "fridaywins won on time"]

1. e4 Nf6 2. Nc3 d5 3. e5 Nfd7 4. f4 e6 5. Nf3 c5 6. d4 Nc6 7.
Be3 a6 8. Be2 b5 9. Qd2 b4 10.
Nd1 a5 11. O-O Be7 12. c4 bxc3 13. bxc3 Ba6 14. f5 Bxe2 15. Qxe2 cxd4 16. cxd4 exf5 17. Qc2 Ra6 18. Qxf5 O-O 19. Rc1 Qe8 20. e6 Nb6 21.
Bg5 f6 22. Bf4 Qa8 23. Ne3 Nb4 24. a3 Nc6 25. Nxd5 Nxd5 26. Qxd5 Rd8 27. Qe4 Bxa3 28. Rc4 Bb4 29. d5 Ne7 30. Rd1 Rxd5 31. Rxd5 Nxd5 32.
e7 Nxf4 33. Qxf4 Re6 34. h4 Rxe7 35. Qf5 Re8 36. Qd7 Rf8 37. Rc7 1-0

[Event "*** Titled Tuesday Blitz"]
[Site "Chess.com"]
[Date "2020.05.12"]
[Round "5"]
[White "FMalexhdez"]
[Black "Tashik"]
[Result "0-1"]
[WhiteElo "2041"]
[BlackElo "2448"]
[TimeControl "180+1"]
[EndTime "10:55:49 PDT"]
[Termination "Tashik won by resignation"]

1. e4 e5 2. Nf3 Nc6 3. Bc4 Bc5 4. d3 Nf6 5. O-O O-O 6. c3 d5 7. exd5 Nxd5 8. Re1 Bg4 9. h3 Bh5 10. Nbd2 Nb6 11.
Bb5 f6 12. Ne4 Be7 13. Ng3 Bg6 14. d4 exd4 15. Bxc6 bxc6 16. Nxd4 Qd7 17. Ne6 Qxd1 18. Rxd1 Rfc8 19. Bf4 Nd5 20. Bd2 Bd6 21. c4 Ne7 22.
Bc3 Bf7 23. Re1 Bxg3 24. fxg3 Nf5 25. g4 Nd6 26. c5 Nb5 27. Ba5 Re8 28. Nxc7 Nxc7 29.
Bxc7 Rxe1+ 30. Rxe1 Bxa2 31. Ra1 Bd5 32. Bb6 a6 33. b4 Re8 34. Rf1 Re4 35. Ba5 Kf7 36.
Rf2 Kg6 37. Rb2 h5 38. gxh5+ Kxh5 39. Bc7 g5 40. Kf2 f5 41. Bd6 f4 42. Bc7 Rc4 43. Bd6 Rc3 44. Be5 Rg3 45. Bd6 Rxg2+ 0-1

[Event "*** Titled Tuesday Blitz"]
[Site "Chess.com"]
[Date "2020.05.12"]
[Round "5"]
[White "Mbneu"]
[Black "NormWeinstein"]
[Result "1-0"]
[WhiteElo "2255"]
[BlackElo "2419"]
[TimeControl "180+1"]
[EndTime "10:55:49 PDT"]
[Termination "Mbneu won by resignation"]

1. d4 c5 2. d5 e5 3. g3 d6 4. e4 Be7 5. Bg2 Bg5 6. Ne2 Bxc1 7. Qxc1 Nf6 8. O-O O-O 9. Nd2 Nbd7 10. f4 Re8 11. f5 h6 12. h3 b5 13. g4 a6 14.
Bf3 Nh7 15. Qe1 h5 16. gxh5 Kh8 17. Kh2 c4 18. Rg1 Rg8 19. Qg3 Qf6 20. Rg2 Qh6 21.
Nf1 Ndf6 22. Qh4 Bd7 23. Nc3 b4 24. Nd1 a5 25. Nf2 Rac8 26. Ng4 Qf4+ 27. Qg3 Nxh5 28. Qxf4 Nxf4 29. Rf2 Ng5 30. h4 Nh7 31. Ng3 f6 32.
Ne2 Nxe2 33. Bxe2 Rc5 34. Ne3 Bb5 35. c3 Rgc8 36. Rg1 R8c7 37. Bh5 Nf8 38. Rfg2 Re7 39. Ng4 Nh7 40. Nh6 Rc8 41. Nf7+ Rxf7 42. Bxf7 a4 43. Rxg7 a3 44. Rg8+ 1-0